 Dungeon Crawl Stone Soup version 0.27.1-4-g1640c2035a (webtiles) character file.

Game seed: 13654601545623296016

53 VictoriousLee the Digger (level 4, 0/30 HPs)
             Began as a Formicid Earth Elementalist on Nov 3, 2021.
             Slain by a hobgoblin (3 damage)
             ... on level 2 of the Dungeon.
             The game lasted 00:07:28 (1391 turns).

VictoriousLee the Digger (FoEE)                     Turns: 1391, Time: 00:07:29

Health: 0/30       AC:  2    Str: 12    XL:     4   Next: 10%
Magic:  4/7        EV: 12    Int: 16    God:
Gold:   42         SH:  0    Dex: 11    Spells: 1/7 levels left

rFire    . . .     SeeInvis +   a - +0 dagger
rCold    . . .     Faith    .   (no shield)
rNeg     . . .     Spirit   .   b - +0 robe
rPois    .         Reflect  .   (helmet unavailable)
rElec    .         Harm     .   (no cloak)
rCorr    .         Rampage  .   (no gloves)
Will     .....                  (no boots)
Stlth    ++........             (no amulet)
HPRegen  0.10/turn              k - ring of wizardry
MPRegen  0.10/turn              (no ring)

@: lethally poisoned (0 -> -10)
A: permanent stasis, dig shafts and tunnels, antennae 3, four strong arms
a: Dig, Shaft Self


You were on level 2 of the Dungeon.
You visited 1 branch of the dungeon, and saw 2 of its levels.

You collected 42 gold pieces.

Inventory:

Hand Weapons
 a - a +0 dagger (weapon)
Missiles
 c - 26 stones
Armour
 b - a +0 robe (worn)
 f - a +0 leather armour of cold resistance
 g - a +0 leather armour
Magical Staves
 j - a staff of fire
Jewellery
 k - a ring of wizardry (left hand)
Scrolls
 e - a scroll of summoning {unknown}
 h - a scroll of fog {unknown}
 i - a scroll of vulnerability {unknown}
Potions
 d - a potion of might
 l - a potion of heal wounds {unknown}
 m - 2 potions of lignification {unknown}
 n - a potion of curing {unknown}


   Skills:
 - Level 1.7 Dodging
 - Level 2.4 Stealth
 - Level 2.1 Spellcasting
 * Level 1.3 Conjurations
 - Level 1.1 Transmutations
 + Level 5.1 Earth Magic


You had one spell level left.
You knew the following spells:

 Your Spells              Type           Power      Damage    Failure   Level
a - Stone Arrow           Conj/Erth      24%        3d8       6%          3
p - Passwall              Tmut/Erth      9%         N/A       3%          2
s - Sandblast             Erth           36%        2d10      1%          1

Your spell library contained the following spells:

 Spells                   Type           Power      Damage    Failure   Level
 Petrify                  Tmut/Erth      11%        N/A       22%         4


Dungeon Overview and Level Annotations

Branches:
Dungeon (2/15)

Altars:


Innate Abilities, Weirdness & Mutations

You cannot be hasted, slowed, berserked, paralysed or teleported.
You can dig through walls and to a lower floor.
You have a pair of large antennae on your head. (SInv)
Your four strong arms can wield two-handed weapons with a shield.


Message History

You hit the bat.
The bat is moderately wounded.
The bat hits you but does no damage. x2
You hit the bat.
You kill the bat!
The hobgoblin throws a javelin.
The javelin barely misses you.
Unknown command.
You closely miss the hobgoblin. The hobgoblin closely misses you.
You hit the hobgoblin.
The hobgoblin is heavily wounded.
A scorpion comes into view.
The hobgoblin barely misses you.
You barely miss the hobgoblin.
The hobgoblin is heavily wounded.
The hobgoblin hits you with a +0 club.
Aiming: Sandblast (safe; 1% risk of failure)
Press: ? - help, Q - select action, (/) - cycle Shift-Dir - straight line, f - scorpion
Aim: a scorpion (79% to hit)
The blast of sand hits the scorpion.
The scorpion is lightly wounded.
The hobgoblin hits you with a +0 club!
The scorpion stings you but does no damage.
Aiming: Sandblast (safe; 1% risk of failure)
Press: ? - help, Q - select action, (/) - cycle Shift-Dir - straight line, f/p - scorpion
Aim: a scorpion (lightly wounded, 79% to hit)
The blast of sand hits the scorpion.
The scorpion is lightly wounded.
The hobgoblin hits you with a +0 club. The scorpion stings you.
* * * LOW HITPOINT WARNING * * *
You are lethally poisoned!
The scorpion poisons you!
Aiming: Sandblast (safe; 1% risk of failure)
Press: ? - help, Q - select action, (/) - cycle Shift-Dir - straight line, f/p - scorpion
Aim: a scorpion (lightly wounded, 79% to hit)
The blast of sand hits the scorpion.
The scorpion is moderately wounded.
* * * LOW HITPOINT WARNING * * *
You feel very sick. The hobgoblin hits you with a +0 club.
You die...

# #.. #. .#.
#. .. .. ..
.. # .# #.
.#.# . :#†
.... ##.
#g#{..###
#..##@##.....
#.....s..#
#........###
#####......#
##..##..##
##........##
#..........#
#......>...#
###........#


You could see a scorpion and a hobgoblin.

Vanquished Creatures
  A gnoll (D:1)
  A worm (D:2)
  A dart slug (D:1)
  An orc (D:2)
  8 ball pythons
  3 endoplasms
  A giant cockroach (D:2)
  3 goblins
  2 hobgoblins (D:1)
  3 kobolds
  A quokka (D:2)
  5 bats
  2 frilled lizards
  4 rats
36 creatures vanquished.

Notes
Turn   | Place    | Note
-------+----------+-------------------------------------------
     0 | D:1      | VictoriousLee the Formicid Earth Elementalist began the
                  | quest for the Orb.
     0 | D:1      | Reached XP level 1. HP: 13/13 MP: 3/3
   100 | D:1      | Reached skill level 4 in Earth Magic
   125 | D:1      | Reached XP level 2. HP: 19/19 MP: 3/5
   128 | D:1      | Learned a level 2 spell: Passwall
   278 | D:1      | Reached XP level 3. HP: 22/24 MP: 6/6
   300 | D:1      | Learned a level 3 spell: Stone Arrow
   523 | D:1      | Reached skill level 5 in Earth Magic
  1168 | D:2      | Reached skill level 1 in Conjurations
  1276 | D:2      | Reached XP level 4. HP: 23/30 MP: 5/7
  1387 | D:2      | Noticed a scorpion
  1391 | D:2      | Slain by a hobgoblin

Illustrated notes

Levels and vault maps discovered:
D:1:      dpeg_arrival_refuge, layout_loops_ring
D:2:      layout_loops_ring, serial_shops, nicolae_shop_crystal, st_stairs_5,
          grunt_ministairs_2, minmay_tall_x

Skill      XL: |  1  2  3 |
---------------+----------+-----
Earth Magic    | 4 5 |  5.1
Conjurations   | 1 |  1.3
Dodging        | |  1.7
Stealth        | |  2.4
Spellcasting   | |  2.1
Transmutations | |  1.1

Action                   |  1- 3 |  4- 6 || total
-------------------------+-------+-------++-------
Melee: Dagger            |    59 |    16 ||    75
Throw: Stone             |     9 |       ||     9
 Cast: Sandblast         |    29 |     4 ||    33
Armor: Robe              |    10 |     6 ||    16
Dodge: Dodged            |    59 |    11 ||    70
